 Dungeon Crawl Stone Soup version 0.31.0-11-ge490571c62 (webtiles) character file.

Game seed: 4411251658578737960

48 qw the Shooter (level 3, 0/20 HPs)
             Began as a Deep Elf Hunter on Feb 4, 2024.
             Slain by an orc
             ... wielding a +0 war axe
              (1 damage)
             ... on level 3 of the Dungeon.
             The game lasted 00:00:06 (1501 turns).

qw the Shooter (Deep Elf Hunter)                    Turns: 1501, Time: 00:00:07

Health: 0/20       AC:  6    Str: 16    XL:     3   Next: 50%
Magic:  5/5        EV: 11    Int: 13    God:
Gold:   105        SH:  0    Dex: 18    Spells: 2/2 levels left

rFire   . . .        a - +0 shortbow
rCold   . . .        (shield currently unavailable)
rNeg    + . .        j - +0 ring mail
rPois   .            (no helmet)
rElec   .            (no cloak)
rCorr   .            (no gloves)
SInv    .            f - +0 pair of boots
Will    .....        (no amulet)
Stlth   +            d - ring of positive energy
HPRegen 0.23/turn    g - +6 ring of strength
MPRegen 0.09/turn

%: no passive effects
@: no status effects
A: no striking features
a: no special abilities


You were on level 3 of the Dungeon.
You visited 1 branch of the dungeon, and saw 3 of its levels.

You collected 105 gold pieces.


   Skills:
 - Level 1.5 Fighting
 + Level 7.0 Ranged Weapons
 - Level 2.4 Dodging
 - Level 1.2 Stealth


You had 2 spell levels left.
You didn't know any spells.
Your spell library was empty.

Inventory:

Hand Weapons
 a - a +0 shortbow (weapon)
Armour
 f - a +0 pair of boots (worn)
 j - a +0 ring mail (worn)
Jewellery
 d - a ring of positive energy (left hand)
 g - a +6 ring of strength (right hand)
Potions
 b - a potion of lignification {unknown}
 e - a potion of enlightenment {unknown}
 h - a potion of haste
 i - 2 potions of curing
 k - a potion of attraction {unknown}
 l - a potion of brilliance {unknown}

Dungeon Overview and Level Annotations

Branches:
Dungeon (3/15)

Altars:


Message History

You shoot an arrow. The arrow hits the orc.
The orc is heavily wounded.
You shoot an arrow. The arrow hits the orc.
The orc is heavily wounded.
The orc barely misses you. x2
You shoot an arrow. The arrow closely misses the orc.
The orc hits you but does no damage. x2
You shoot an arrow. The arrow hits the orc.
You kill the orc!
The orc hits you with a +0 war axe!
You shoot an arrow.
The arrow hits the orc but does no damage.
The orc completely misses you. The orc misses you.
You shoot an arrow.
The arrow hits the orc but does no damage.
The orc hits you with a +0 war axe.
You shoot an arrow.
The arrow hits the orc but does no damage.
The orc closely misses you.
You shoot an arrow. The arrow barely misses the orc.
The arrow hits the ball python.
You kill the ball python!
The orc hits you with a +0 war axe.
You shoot an arrow.
The arrow hits the orc but does no damage.
The orc barely misses you.
You shoot an arrow. The arrow hits the orc.
The orc is moderately wounded.
The orc hits you but does no damage.
You shoot an arrow. The arrow barely misses the orc.
The orc barely misses you.
You shoot an arrow. The arrow closely misses the orc.
The orc closely misses you.
You shoot an arrow.
The arrow hits the orc but does no damage.
The orc is moderately wounded.
The orc hits you with a +0 war axe.
An endoplasm comes into view.
The orc hits you with a +0 war axe.
You die...

##### #...#
#...# #...#
#...# #.
#...###...J
#..@o%..%..
#..)###....
#...# .
#...# #...#
##.## #<#
#..# ##.#


You could see an orc and an endoplasm (wandering).

Vanquished Creatures
  2 adders (D:2)
  An orc (D:3)
  3 ball pythons
  An endoplasm (D:2)
  2 giant cockroaches (D:1)
  2 hobgoblins (D:1)
  4 kobolds
  3 quokkas
  3 bats (D:1)
  2 frilled lizards (D:2)
  5 rats
28 creatures vanquished.

Notes
Turn   | Place    | Note
-------+----------+-------------------------------------------
     0 | D:1      | qw the Deep Elf Hunter began the quest for the Orb.
     0 | D:1      | Reached XP level 1. HP: 12/12 MP: 3/3
     0 | D:1      | 0 ||| qw: Version: 0.3-a-160-g6735b56
     0 | D:1      | 0 ||| qw: Game counter: 6051
     0 | D:1      | 0 ||| qw: Melee chars always use a shield: true
     0 | D:1      | 0 ||| qw: God list: Okawaru
     0 | D:1      | 0 ||| qw: Allow faded altars: false
     0 | D:1      | 0 ||| qw: Do Orc after clearing Dungeon:15 true
     0 | D:1      | 0 ||| qw: Do second Lair branch before Depths: true
     0 | D:1      | 0 ||| qw: Lair rune preference: random
     0 | D:1      | 0 ||| qw: Goals: Normal
     0 | D:1      | 0 ||| PLANNING D:1-11
   173 | D:1      | Reached XP level 2. HP: 16/16 MP: 4/4
   178 | D:1      | Reached skill level 6 in Ranged Weapons
   774 | D:1      | 774 ||| UPGRADING to +0 scale mail.
   784 | D:1      | 784 ||| DROPPING +0 leather armour.
   785 | D:1      | 785 ||| UPGRADING to +0 pair of boots.
   790 | D:1      | 790 ||| UPGRADING to +0 ring mail.
   800 | D:1      | 800 ||| DROPPING +0 scale mail.
   801 | D:1      | 801 ||| READING scroll labelled CIHEJO RAUSK.
   802 | D:1      | 802 ||| READING scroll labelled JOFOSA EZAY.
   803 | D:1      | 803 ||| DRINKING 2 coppery potions.
   804 | D:1      | 804 ||| DRINKING 2 brown potions.
   805 | D:1      | 805 ||| DROPPING scroll of butterflies.
   833 | D:2      | Reached XP level 3. HP: 20/20 MP: 5/5
   923 | D:2      | 923 ||| DROPPING +0 heavy sling.
  1354 | D:2      | Reached skill level 7 in Ranged Weapons
  1451 | D:2      | 1451 ||| UPGRADING to ring of positive energy.
  1452 | D:2      | 1452 ||| UPGRADING to +6 ring of strength.
  1453 | D:2      | 1453 ||| READING scroll labelled TULIEG XIUH.
  1496 | D:3      | HP: 5/20 [orc/+0 war axe (4)]
  1501 | D:3      | HP: 1/20 [orc/+0 war axe (6)]
  1501 | D:3      | Slain by an orc

Levels and vault maps discovered:
D:1:      lemuel_arrival_river_ford, layout_loops_corners
D:2:      layout_basic, roderic_serpentine_path
D:3:      layout_rooms, yredelemnul_altar_generic, nicolae_tso_besieged_by_evil,
          serial_shops, nicolae_shop_industrial_runoff, uniq_grinder

Skill      XL: |  1  2  3 |
---------------+----------+-----
Ranged Weapons | 6 7 |  7.0
Fighting       | |  1.5
Dodging        | |  2.4
Stealth        | |  1.2

Action                     || total
---------------------------++-------
   Fire: Shortbow          ||    80
    Use: Scroll            ||     3
         Potion            ||     2
 Armour: Leather armour    ||     3
         Ring mail         ||    11
  Dodge: Dodged            ||    16

Table legend:
 A = Non-vault XP
 B = Vault XP
 C = Vault XP percentage of total XP
 D = Non-vault monster count
 E = Vault monster count
 F = Vault count percentage of total count
                 A         B        C        D         E       F
            +---------+---------+-------+---------+---------+-------
      Total |      69 |       0 |   0.0 |      28 |       0 |   0.0
            +---------+---------+-------+---------+---------+-------
        D:1 |      26 |       0 |   0.0 |      15 |       0 |   0.0
        D:2 |      37 |       0 |   0.0 |       9 |       0 |   0.0
        D:3 |       6 |       0 |   0.0 |       4 |       0 |   0.0
            +---------+---------+-------+---------+---------+-------
